AoeStats
← daslickpimp

Arena

504836107Analyzed
4v4 RM · 27d ago on Sep 6, 2026· 60m 13s· 8 players
Game mode
Random Map
Map size
Large (8 player)
Population
200
Speed
Normal
Resources
Standard
Victory
Conquest
Starting age
Dark Age
Ending age
Imperial Age
RankedLock teamsTeams togetherTeam positionsShared explorationLock speedFull tech treeHidden civsTurbo modeCheats
Victory
Defeat
🇩🇪 Persians · Germany
926
+16
🇩🇪 Magyars · Germany
913
+16
🇨🇿 Franks · Czechia
912
+16
🇸🇪 Italians · Sweden
905
+16
🇸🇪 Turks · Sweden
944
-17
🇸🇪 Huns · Sweden
928
-17
🇸🇪 Inca · Sweden
919
-16
🇸🇪 Franks · Sweden
866
-14
EveningSwan
5:15 Loom
5:20 Loom
12:27 Feudal Age
16:41 Castle Age
15:58 Double-Bit Axe
15:55 Horse Collar
16:40 Stone Mining
16:43 Gold Mining
27:48 Imperial Age
25:57 Fletching
26:31 Bow Saw
27:08 Ballistics
28:47 Wheelbarrow
29:33 Chemistry
30:26 Bodkin Arrow
31:03 Conscription
32:31 Padded Archer Armor
37:00 Arson
37:16 Squires
38:50 Silk Road
39:49 Caravan
41:46 Heavy Plow
42:02 Elite Genoese Crossbowman
42:56 Forging
42:47 Scale Mail Armor
46:24 Chain Mail Armor
52:03 Iron Casting
51:59 Plate Mail Armor
51:30 Bracer
60:52 Leather Archer Armor
lutadorCZ
4:14 Loom
11:37 Feudal Age
15:40 Castle Age
14:45 Double-Bit Axe
15:34 Scale Barding Armor
19:36 Wheelbarrow
18:47 Town Watch
19:48 Husbandry
23:47 Forging
25:20 Hand Cart
26:38 Town Patrol
26:53 Bow Saw
26:42 Gold Mining
28:05 Iron Casting
27:30 Scale Mail Armor
31:39 Imperial Age
29:34 Squires
29:29 Gambesons
30:10 #83
31:18 Gold Shaft Mining
30:36 Stone Mining
32:50 Conscription
33:17 Chain Mail Armor
34:02 Blast Furnace
32:54 Fletching
33:46 Elite Throwing Axeman
36:28 Chivalry
37:51 Cavalier
39:09 Murder Holes
39:19 Siege Engineers
40:05 Paladin
41:08 Chain Barding Armor
41:18 Plate Mail Armor
42:27 Plate Barding Armor
43:03 Chemistry
42:16 Masonry
48:14 Bodkin Arrow
58:22 Architecture
Hank
11:12 Feudal Age
9:29 Loom
13:18 Double-Bit Axe
14:46 Horse Collar
18:54 Castle Age
18:01 Bloodlines
19:21 Pikeman
21:11 Man-at-Arms
21:39 Arson
22:17 Scale Mail Armor
21:57 Long Swordsman
23:38 Bow Saw
25:49 Heavy Plow
27:41 Gold Mining
29:52 Chain Mail Armor
32:57 Gold Shaft Mining
35:28 Imperial Age
33:36 Wheelbarrow
35:18 Stone Mining
35:36 Corvinian Army
37:06 Hand Cart
36:37 Town Watch
36:15 Two-Handed Swordsman
37:48 Crop Rotation
38:02 Fletching
38:12 Padded Archer Armor
40:01 Two-Man Saw
38:22 Champion
38:48 Treadmill Crane
39:34 Bodkin Arrow
40:04 Leather Archer Armor
41:10 Conscription
42:19 Halberdier
46:18 Chemistry
45:39 Ballistics
45:09 Heated Shot
45:10 Guard Tower
45:23 Town Patrol
47:03 Elite Magyar Huszar
47:45 Recurve Bow
48:21 Hoardings
47:17 Sappers
53:10 Bracer
53:41 Ring Archer Armor
53:26 Thumb Ring
52:42 Elite Skirmisher
52:42 Heavy Cavalry Archer
53:48 Parthian Tactics
56:14 Murder Holes
56:24 Siege Engineers
56:29 Masonry
Neo
8:04 Loom
11:15 Feudal Age
11:48 Double-Bit Axe
12:53 Horse Collar
19:06 Castle Age
18:05 Bloodlines
18:20 Stone Mining
18:23 Gold Mining
24:34 Heavy Plow
24:54 Bow Saw
31:53 Imperial Age
29:25 Town Watch
31:37 Wheelbarrow
32:32 Conscription
32:18 Kamandaran
32:27 Padded Archer Armor
32:17 Fletching
32:39 Forging
32:16 Arson
33:50 Leather Archer Armor
34:03 Thumb Ring
33:58 Crossbowman
34:38 Bodkin Arrow
35:49 Parthian Tactics
37:21 Hand Cart
37:56 Ring Archer Armor
38:02 Iron Casting
37:28 Scale Mail Armor
39:57 Blast Furnace
39:03 Scale Barding Armor
40:58 Chemistry
40:19 Ballistics
39:56 Murder Holes
39:31 Elite Skirmisher
41:18 Chain Barding Armor
41:13 Chain Mail Armor
43:06 Plate Barding Armor
43:02 Plate Mail Armor
44:58 Heated Shot
50:50 Elite War Elephant
52:16 Husbandry
60:47 Citadels
61:13 Hoardings
60:08 Sappers
60:02 Heavy Cavalry Archer
Johan Falk
1:49 Loom
3:11 Loom
11:39 Feudal Age
13:46 Double-Bit Axe
16:33 Castle Age
19:01 Bow Saw
21:24 Horse Collar
24:48 Wheelbarrow
24:34 Heavy Plow
28:01 Hand Cart
28:01 Bow Saw
32:45 Imperial Age
30:21 Town Watch
30:47 Thumb Ring
31:00 Masonry
31:04 Fortified Wall
30:52 Gold Mining
30:55 Stone Mining
32:59 Gold Shaft Mining
35:32 Heavy Cavalry Archer
36:37 Parthian Tactics
36:53 Ballistics
37:04 Architecture
36:40 Town Patrol
36:48 Padded Archer Armor
37:19 Conscription
38:46 Leather Archer Armor
38:21 Fletching
40:43 Elite Janissary
41:47 Sipahi
41:48 Bloodlines
45:51 Heavy Camel Rider
46:40 Scale Barding Armor
46:47 Forging
47:10 Ring Archer Armor
46:35 Bodkin Arrow
49:35 Chain Barding Armor
49:28 Forging
53:01 Plate Barding Armor
53:02 Iron Casting
Jollan
1:18 Loom
12:22 Feudal Age
13:40 Wheelbarrow
13:39 Double-Bit Axe
13:48 Town Watch
17:00 Forging
19:21 Castle Age
17:29 Champi Runner
18:39 Horse Collar
18:52 Gold Mining
22:34 Bow Saw
21:52 Champi Warrior
22:54 Heavy Plow
23:56 Stone Mining
28:42 Hand Cart
31:27 Town Patrol
32:02 Thumb Ring
32:00 Squires
31:45 Arson
31:25 Pikeman
32:45 Iron Casting
32:10 Scale Mail Armor
32:33 Ballistics
32:25 Fortified Wall
38:11 Imperial Age
35:42 Elite Skirmisher
37:17 Gold Shaft Mining
37:18 Stone Shaft Mining
37:06 Chain Mail Armor
36:52 Padded Archer Armor
36:42 Fletching
37:05 Andean Sling
38:20 Treadmill Crane
39:27 Fabric Shields
41:51 Chemistry
42:19 Bodkin Arrow
42:39 Leather Archer Armor
42:55 Plate Mail Armor
43:25 Blast Furnace
HinkeN
11:52 Feudal Age
16:52 Castle Age
17:19 Pikeman
21:55 Horse Collar
24:50 Heavy Plow
24:56 Double-Bit Axe
26:59 Bow Saw
28:12 Wheelbarrow
27:25 Loom
27:47 Husbandry
32:24 Imperial Age
31:30 Light Cavalry
32:23 Bloodlines
32:29 Gold Mining
32:31 Stone Mining
32:27 Hussar
32:41 Halberdier
33:22 Squires
34:19 Forging
34:11 Scale Mail Armor
34:20 Scale Barding Armor
39:11 Iron Casting
38:42 Cavalier
42:21 Blast Furnace
42:45 Hand Cart
43:43 Paladin
49:10 Chain Barding Armor
49:06 Chain Mail Armor
50:38 Conscription
55:52 Gold Shaft Mining
daslickpimp
11:12 Feudal Age
16:37 Castle Age
15:16 Scale Barding Armor
21:12 Chain Barding Armor
20:40 Light Cavalry
24:32 Forging
26:05 Husbandry
26:11 Husbandry
28:40 Iron Casting
29:18 Wheelbarrow
36:15 Light Cavalry
Connection lost

Rejoining the realm…

Still unreachable

The connection could not be restored.

Session expired

The server has moved on; the page needs a fresh start.